Map: Apothéose EC

Players

MicroFone

  • Race: Protoss Protoss
  • League: Platinum

Worming - Winner!

  • Race: Protoss Protoss
  • League: Diamond

VOD

Have the link to the VOD?

Description

Time

  • Played on: Oct. 21, 2016, 12:43 p.m.
  • Length: 7:40
Show
View Real Time Build Order
Export as new Build Order

MicroFone Protoss 

Build Orders:  

Get SALT Encoding   

  12  0:04  Probe (Chrono Boost)  
  13  0:17  Pylon  
  13  0:20  Probe (Chrono Boost)  
  14  0:30  Probe (Chrono Boost)  
  15  0:45  Forge  
  15  0:48  Probe (Chrono Boost)  
  16  0:59  Probe (Chrono Boost)  
  17  1:07  Pylon  
  17  1:15  Probe (Chrono Boost)  
  18  1:33  Pylon  
  18  1:35  Pylon  
  18  1:40  Pylon  
  17  1:54  Probe (Chrono Boost)  
  18  2:05  Probe (Chrono Boost)  
  19  2:17  Pylon  
  19  2:20  Assimilator  
  19  2:21  Nexus, Unknown  
  19  2:24  Assimilator  
  19  2:30  Assimilator  
  19  2:50  Photon Cannon  
  19  2:52  Gateway  
  19  2:56  Pylon  
  19  3:03  Pylon  
  19  3:18  Pylon  
  18  3:32  Unknown  
  18  3:37  Photon Cannon  
  18  3:45  Photon Cannon  
  18  3:51  Photon Cannon  
  18  5:17  Pylon  
  18  5:20  Probe (Chrono Boost), Cybernetics Core  
  19  5:31  Probe (Chrono Boost)  
  20  5:39  Photon Cannon  
  20  5:42  Photon Cannon  
  20  5:56  Forge  
  20  6:21  Nexus, Unknown  
  20  6:27  Pylon  
  20  6:30  Pylon  
  20  6:33  Assimilator  
  20  6:37  Assimilator  
  20  6:38  Stargate  
  20  6:45  Mothership Core (Chrono Boost)  
  22  6:57  Photon Cannon  
  21  7:33  Unknown  
Show
View Real Time Build Order
Export as new Build Order

Worming Protoss - Winner!

Build Orders:  

Get SALT Encoding   

  12  0:01  Probe (Chrono Boost)  
  13  0:11  Probe (Chrono Boost)  
  14  0:18  Pylon  
  14  0:28  Probe (Chrono Boost)  
  15  0:39  Probe (Chrono Boost)  
  15  0:42  Gateway  
  16  0:49  Probe (Chrono Boost)  
  17  0:54  Assimilator  
  17  1:00  Probe (Chrono Boost)  
  18  1:32  Zealot  
  20  1:33  Probe (Chrono Boost)  
  21  1:44  Probe (Chrono Boost)  
  22  1:54  Probe (Chrono Boost)  
  23  2:05  Assimilator  
  23  2:17  Probe (Chrono Boost), Cybernetics Core  
  23  2:19  Pylon  
  23  2:34  Nexus, Unknown  
  23  2:38  Probe (Chrono Boost)  
  24  2:49  Probe (Chrono Boost), Zealot  
  27  3:25  Adept  
  29  3:32  Mothership Core (Chrono Boost), Warp Gate  
  31  3:46  Unknown  
  31  3:50  Probe (Chrono Boost)  
  32  3:59  Probe (Chrono Boost)  
  32  4:00  Probe (Chrono Boost)  
  34  4:04  Pylon  
  34  4:09  Probe (Chrono Boost)  
  35  4:11  Probe (Chrono Boost)  
  36  4:20  Probe (Chrono Boost)  
  36  4:21  Probe (Chrono Boost)  
  38  4:30  Probe (Chrono Boost)  
  39  4:32  Probe (Chrono Boost)  
  40  4:41  Probe (Chrono Boost)  
  40  4:43  Probe (Chrono Boost)  
  42  4:46  Gateway  
  42  4:47  Assimilator  
  42  4:49  Gateway, Assimilator  
  42  4:51  Probe (Chrono Boost)  
  43  4:53  Probe (Chrono Boost)  
  44  5:02  Probe (Chrono Boost)  
  44  5:04  Probe (Chrono Boost), Unknown, Nexus  
  46  5:12  Probe (Chrono Boost)  
  47  5:15  Probe (Chrono Boost)  
  48  5:23  Probe (Chrono Boost)  
  50  5:29  Probe (Chrono Boost)  
  50  5:33  Probe (Chrono Boost)  
  51  5:44  Probe (Chrono Boost)  
  52  6:00  Pylon  
  52  6:04  Pylon  
  50  6:12  Pylon  
  50  6:15  Unknown  
  50  6:17  Stalker x2  
  50  6:18  Stalker  
  56  6:28  Pylon  
  56  6:32  Pylon  
  56  6:34  Pylon  
  56  6:37  Pylon  
  56  6:40  Robotics Facility  
  56  6:41  Gateway  
  56  6:44  Gateway  
  56  6:45  Probe (Chrono Boost)  
  57  6:48  Probe (Chrono Boost)  
  57  6:52  Pylon  
  58  6:56  Probe (Chrono Boost), Pylon  
  58  6:57  Stalker x3  
  58  6:58  Probe (Chrono Boost)  
  66  7:07  Probe (Chrono Boost)  
  67  7:12  Probe (Chrono Boost)  
  68  7:17  Probe (Chrono Boost)  
  69  7:24  Probe (Chrono Boost)  
  69  7:28  Probe (Chrono Boost)  
  75  7:33  Forge  
Tags
 
Add a new tag
Caveats
  • Supply blocks, unpowered buildings, or Contaminate may cause inaccurate times.
  • Supply counts are checked every 10 seconds.